 Dungeon Crawl Stone Soup version 0.31-a0-868-g674d60d6f7 (webtiles) character file.

Game seed: 8518974471277736243

80 orogor the Covered (level 4, 0/27 HPs)
             Began as a Deep Elf Fighter on Oct 11, 2023.
             Slain by an iron imp (6 damage)
             ... on level 4 of the Dungeon.
             The game lasted 00:13:55 (1522 turns).

orogor the Covered (Deep Elf Fighter)               Turns: 1522, Time: 00:13:57

Health: 0/27       AC: 10    Str: 15    XL:     4   Next: 18%
Magic:  6/6        EV: 10    Int: 15    God:
Gold:   146        SH:  5    Dex: 14    Spells: 3/3 levels left

rFire   + . .        v - +0 hand axe (flame)
rCold   x . .        c - +0 buckler
rNeg    . . .        I - +3 ring mail "Urphoto" {Int+2}
rPois   .            (no helmet)
rElec   .            f - +0 cloak
rCorr   .            (no gloves)
SInv    +            w - +0 pair of boots
Will    .....        (no amulet)
Stlth   +            m - ring of fire
HPRegen 0.24/turn    i - ring of see invisible
MPRegen 0.10/turn

%: no passive effects
@: no status effects
A: no striking features
a: no special abilities


You were on level 4 of the Dungeon.
You visited 1 branch of the dungeon, and saw 4 of its levels.

You collected 146 gold pieces.

Inventory:

Hand Weapons
 a - a +0 rapier
 k - a +0 dagger
 n - a +0 short sword
 q - a +0 sling
 r - a +0 club
 s - a +0 great mace
 t - a +0 whip
 u - a +0 dagger
 v - a +0 hand axe of flaming (weapon)
 H - a +0 flail
Missiles
 o - a throwing net
Armour
 b - a +0 scale mail
 c - a +0 buckler (worn)
 e - a +0 leather armour
 f - a +0 cloak (worn)
 p - a +0 leather armour
 w - a +0 pair of boots (worn)
 x - a +0 leather armour
 C - a +0 scale mail
 G - a +0 chain mail
 I - the +3 ring mail "Urphoto" (worn) {Int+2}
   (You found it on level 3 of the Dungeon)

   Int+2:     It affects your intelligence (+2).
Jewellery
 i - a ring of see invisible (right hand)
 m - a ring of fire (left hand)
 B - a +6 ring of intelligence
 J - a ring of resist corrosion
Talismans
 g - a blade talisman
 y - a blade talisman
Wands
 A - a wand of flame (13)
Scrolls
 h - a scroll of fear {unknown}
 l - a scroll of revelation {unknown}
 z - 3 scrolls of identify {unknown}
 F - a scroll of silence {unknown}
 K - a scroll of butterflies {unknown}
Potions
 d - a potion of might
 j - a potion of degeneration {unknown}
 D - a potion of curing {unknown}
 E - a potion of berserk rage {unknown}


   Skills:
 + Level 2.5 Fighting
 + Level 2.7 Short Blades
 + Level 3.1 Armour
 + Level 1.1 Dodging
 + Level 3.0 Shields


You had 3 spell levels left.
You didn't know any spells.
Your spell library was empty.

Dungeon Overview and Level Annotations

Branches:
Dungeon (4/15)
 Temple: D:4-7

Altars:
Cheibriados


Message History

You slash the iron imp!
The iron imp is heavily wounded.
The iron imp hits you.
You hit the iron imp but do no damage.
The iron imp is heavily wounded.
The iron imp hits you.
You hit the iron imp but do no damage.
The iron imp is heavily wounded.
The iron imp hits you.
You hit the iron imp but do no damage.
The iron imp is heavily wounded.
The iron imp hits you but does no damage.
You closely miss the iron imp.
The iron imp is moderately wounded.
The iron imp barely misses you.
You hit the iron imp but do no damage.
The iron imp is moderately wounded.
The iron imp hits you.
You completely miss the iron imp.
The iron imp is moderately wounded.
The iron imp hits you but does no damage.
You closely miss the iron imp.
The iron imp is moderately wounded.
The iron imp hits you.
You hit the iron imp but do no damage.
The iron imp is moderately wounded.
The iron imp hits you. x2
You hit the iron imp but do no damage.
The iron imp is moderately wounded.
The iron imp barely misses you. The iron imp attacks as it pursues you!
The iron imp closely misses you. The iron imp attacks as it pursues you!
The iron imp hits you. The iron imp hits you!
* * * LOW HITPOINT WARNING * * *
There is a stone staircase leading down, spattered with blood here.
You block the iron imp's attack.
You climb downwards.
There is a stone staircase leading up here.
The iron imp attacks as it pursues you! The iron imp hits you.
You die...

#...
...#
#..#
... ..#
#.# #.#
# #@#
#.##5##
#.....#
##.#..#
...#.<#
....
#..#
≈≈...
#..#
≈≈≈≈
....
≈≈≈≈
....##


You could see an iron imp.

Vanquished Creatures
  2 adders
  3 dart slugs (D:1)
  9 bats
  2 endoplasms (D:1)
  2 giant cockroaches
  9 hobgoblins
  7 jackals
  2 kobolds (D:1)
  6 ball pythons
  2 frilled lizards
  2 goblins (D:1)
  6 rats (D:1)
52 creatures vanquished.

Notes
Turn   | Place    | Note
-------+----------+-------------------------------------------
     0 | D:1      | orogor the Deep Elf Fighter began the quest for the Orb.
     0 | D:1      | Reached XP level 1. HP: 13/13 MP: 3/3
   162 | D:1      | Reached XP level 2. HP: 18/18 MP: 4/4
   471 | D:1      | Reached XP level 3. HP: 19/22 MP: 5/5
   474 | D:1      | Reached skill level 1 in Dodging
   503 | D:1      | Found a faded altar of an unknown god.
  1287 | D:2      | Reached XP level 4. HP: 19/27 MP: 6/6
  1396 | D:3      | Identified the +3 ring mail "Urphoto" {Int+2}
  1485 | D:3      | Found a snail-covered altar of Cheibriados.
  1522 | D:4      | Slain by an iron imp

Illustrated notes

Levels and vault maps discovered:
D:1:      dpeg_arrival_round_c, layout_basic, hellmonk_ecumenical_altar_run_dry
D:2:      minmay_inner_zag, layout_basic, grunt_decor_arrowhead
D:3:      layout_loops_corners, dk_yredelemnul_ordeal, slow_altar_1,
          uniq_sigmund, uniq_crazy_yiuf_cottage, uniq_terence
D:4:      layout_loops_ring, evilmike_ruin_ashenzari, temple_pool_b

Skill      XL: |  1  2  3  4 |
---------------+-------------+-----
Dodging        | 1 |  1.1
Armour         | 3 |  3.1
Shields        | 3 |  3.0
Fighting       | |  2.5
Short Blades   | |  2.7

Action                     |  1- 3 |  4- 6 || total
---------------------------+-------+-------++-------
  Melee: Rapier            |   163 |       ||   163
         Hand axe          |     6 |    24 ||    30
 Armour: Scale mail        |   147 |       ||   147
         Leather armour    |     9 |       ||     9
         Ring mail         |       |    25 ||    25
  Dodge: Dodged            |   123 |    18 ||   141
  Block: Buckler           |    69 |     7 ||    76

Table legend: (Time is in decaauts)
 A = Elapsed time spent in this place.
 B = Non-inter-level travel time spent in this place.
 C = Inter-level travel time spent in this place.
 D = Time resting spent in this place.
 E = Time spent auto-exploring this place.
 F = Levels seen in this place.
 G = Mean time per level.
                   A        B        C        D        E       F      G
               +--------+--------+--------+--------+--------+-----+--------+
         Total |   1548 |   1548 |      0 |      0 |      0 |   4 |  387.0 |
       Dungeon |   1548 |   1548 |      0 |      0 |      0 |   4 |  387.0 |
               +--------+--------+--------+--------+--------+-----+--------+

Top non-repeatable levels by time:
     D:1: 849 daAuts
     D:2: 564 daAuts
     D:3: 130 daAuts
     D:4: 4 daAuts
